Map: Ley Lines

Players

入伍生

  • Race: Terran Terran
  • League: Silver
  • Spawn Location: 7:00

llllllllllll - Winner!

  • Race: Zerg Zerg
  • League: Silver
  • Spawn Location: 1:00

VOD

Have the link to the VOD?

Description

Time

  • Played on: April 24, 2025, 9:09 a.m.
  • Length: 2:14
Show
View Real Time Build Order
Export as new Build Order

入伍生 Terran 

Build Orders:  

Get SALT Encoding   

  13  0:07  SCV  
  13  0:14  Supply Depot  
  13  0:22  Refinery  
  13  0:27  SCV  
  14  0:40  Barracks  
  14  0:49  SCV  
  15  0:55  Refinery  
  15  1:01  SCV  
  16  1:13  SCV  
  17  1:25  SCV  
  17  1:32  Reaper  
  19  1:34  Supply Depot  
  19  1:37  SCV  
  20  1:45  Supply Depot  
  20  1:50  SCV  
  21  2:02  SCV  
Show
View Real Time Build Order
Export as new Build Order

llllllllllll Zerg - Winner!

Build Orders: 1 Base Baneling Bust, Pool Only 

Get SALT Encoding   

  12  0:00  Drone  
  13  0:08  Drone  
  14  0:15  Extractor  
  14  0:16  Drone  
  15  0:30  Extractor  
  15  0:32  Spawning Pool  
  15  0:35  Drone  
  14  0:41  Drone, Extractor  
  15  0:47  Overlord  
  15  1:18  Zergling x4  
  15  1:19  Queen, Zergling x2  
  20  1:32  Zergling x2  
  21  1:40  Overlord  
  21  1:52  Zergling x2, Baneling Nest  
Tags
 
Add a new tag
Caveats
  • Supply blocks, unpowered buildings, or Contaminate may cause inaccurate times.
  • Supply counts are checked every 10 seconds.